 Dungeon Crawl Stone Soup version 0.22-a0-799-g88f5e907b7 (webtiles) character file.

27 Holzbalken the Cudgeler (level 3, -7/23 HPs)
             Began as a Gargoyle Monk on July 21, 2018.
             Mangled by a worm (9 damage)
             ... on level 2 of the Dungeon.
             The game lasted 00:02:19 (494 turns).

Holzbalken the Cudgeler (Gargoyle Monk)              Turns: 494, Time: 00:02:19

Health: -7/23      AC:  5    Str: 15    XL:     3   Next: 10%
Magic:  3/3        EV: 12    Int: 10    God:
Gold:   30         SH:  0    Dex: 12    Spells: 2/2 levels left

rFire    . . .     SeeInvis .   a - +0 mace
rCold    . . .     Gourm    .   (no shield)
rNeg     + . .     Faith    .   b - +0 robe
rPois    ∞         Spirit   .   (no helmet)
rElec    +         Reflect  .   (no cloak)
rCorr    .         Harm     .   (no gloves)
MR       .....                  (no boots)
Stlth    ++........             (no amulet)
HPRegen  0.07/turn              (no ring)
MPRegen  0.08/turn              (no ring)

@: no status effects
A: negative energy resistance 1, electricity resistance, unbreathing,
petrification resistance, rot immunity, AC +3
a: no special abilities


You were on level 2 of the Dungeon.
You were not hungry.

You visited 1 branch of the dungeon, and saw 2 of its levels.

You collected 30 gold pieces.

Inventory:

Hand Weapons
 a - a +0 mace (weapon)
Armour
 b - a +0 robe (worn)
Scrolls
 g - 3 scrolls of amnesia {unknown}
Potions
 e - a potion of might {unknown}
 f - 2 potions of brilliance {unknown}
 h - 2 potions of flight {unknown}
Comestibles
 c - a ration
 d - 3 chunks of flesh


   Skills:
 - Level 3.2 Fighting
 + Level 4.2 Maces & Flails
 - Level 2.4 Dodging
 - Level 2.1 Stealth


You had 2 spell levels left.
You didn't know any spells.
Your spell library was empty.

Dungeon Overview and Level Annotations

Branches:
Dungeon (1/15)

Altars:


Innate Abilities, Weirdness & Mutations

You are resistant to torment.
Your stone body is resilient. (AC +3)
You are immune to poison.
You resist negative energy. (rN+)
You are resistant to electric shocks. (rElec)
You can survive without breathing.
You are immune to petrification.
You are immune to rotting.


Message History

The worm misses you.
You hit the worm.
The worm is severely wounded.
The leopard gecko barely misses you. The worm bites you.
You completely miss the worm.
The worm is heavily wounded.
The leopard gecko bites you.
You hit the worm but do no damage.
The worm is heavily wounded.
The leopard gecko bites you but does no damage.
The worm bites you!
* * * LOW HITPOINT WARNING * * *
The leopard gecko bites you.
* * * LOW HITPOINT WARNING * * *
You thump the leopard gecko!
You kill the leopard gecko!
You hit the worm.
The worm is severely wounded.
The worm bites you!
You die...

. #....# #.# #..
#.....#####.#
#............##.#
#...##..#.##.##.#
#...............#
...........#.####
.............#
###.#..###.#.###
....<...w@...#
#.#.##..##.###
#..##.# .......#
...#.####
.......# .....###
.....


You could see a worm.

Vanquished Creatures
  An adder (D:2)
  A leopard gecko (D:2)
  A bat (D:1)
  A giant cockroach (D:1)
  2 hobgoblins (D:1)
  4 jackals (D:1)
  A quokka (D:2)
  A frilled lizard (D:1)
  2 kobolds
  2 rats
16 creatures vanquished.

Notes
Turn   | Place    | Note
-------+----------+-------------------------------------------
     0 | D:1      | Holzbalken the Gargoyle Monk began the quest for the Orb.
     0 | D:1      | Reached XP level 1. HP: 14/14 MP: 1/1
   146 | D:1      | Reached XP level 2. HP: 16/19 MP: 2/2
   281 | D:1      | You fall through a shaft!
   455 | D:2      | Reached skill level 4 in Maces & Flails
   455 | D:2      | Reached XP level 3. HP: 23/23 MP: 3/3
   494 | D:2      | Mangled by a worm

Vault maps used:
D:1:      lightli_arrival_chessboard, minmay_statues_item
D:2:      lemuel_old_faithful, uniq_terence

Skill      XL: |  1  2 |
---------------+-------+-----
Maces & Flails | 4 |  4.2
Fighting       | |  3.2
Dodging        | |  2.4
Stealth        | |  2.1

Action                   || total
-------------------------++-------
Melee: Mace              ||    44
 Stab: Sleeping          ||     3
Armor: Robe              ||    11
Dodge: Dodged            ||    29

Table legend:
 A = Spawn XP
 B = Non-spawn XP
 C = Spawn XP percentage of total XP
 D = Spawn monster count
 E = Non-spawn monster count
 F = Spawn count percentage of total count
 G = Total turns spent on level
                    A         B        C        D         E        F      G
               +---------+---------+-------+---------+---------+-------+---------
         Total |       0 |      39 |   0.0 |       0 |      16 |   0.0 |   494
               +---------+---------+-------+---------+---------+-------+---------
           D:1 |       0 |      19 |   0.0 |       0 |      11 |   0.0 |   281
           D:2 |       0 |      20 |   0.0 |       0 |       5 |   0.0 |   213
               +---------+---------+-------+---------+---------+-------+---------
